 Dungeon Crawl Stone Soup version 0.21.1 (webtiles) character file.

493 Jerry the Slasher (level 6, -5/49 HPs)
             Began as a Demonspawn Chaos Knight on Feb 2, 2018.
             Slain by an orc warrior
             ... wielding a +0 dire flail
              (25 damage)
             ... on level 4 of the Dungeon.
             The game lasted 00:08:36 (2912 turns).

Jerry the Slasher (Demonspawn Chaos Knight)         Turns: 2912, Time: 00:08:37

Health: -5/49      AC:  7    Str: 14    XL:     6   Next: 92%
Magic:  6/6        EV: 12    Int: 13    God:    Xom [.*....]
Gold:   140        SH:  0    Dex: 13    Spells: 5/5 levels left

rFire    . . .     SeeInvis +   a - +0 falchion (chaos)
rCold    . . .     Gourm    .   (no shield)
rNeg     . . .     Faith    .   b - +2 leather armour
rPois    .         Spirit   .   (no helmet)
rElec    .         Reflect  .   (no cloak)
rCorr    .         Harm     .   (no gloves)
MR       .....                  (no boots)
Stlth    +.........             (no amulet)
HPRegen  0.16/turn              (no ring)
MPRegen  0.10/turn              r - ring of see invisible

@: no status effects
A: thin metallic scales 1, spiny 2
a: Renounce Religion


You were on level 4 of the Dungeon.
You worshipped Xom.
You were a plaything of Xom.
You were hungry.

You visited 1 branch of the dungeon, and saw 4 of its levels.

You collected 140 gold pieces.

Inventory:

Hand Weapons
 a - a +0 falchion of chaos (weapon)
Missiles
 d - 2 throwing nets (quivered)
Armour
 b - a +2 leather armour (worn)
Jewellery
 r - a ring of see invisible (right hand)
Wands
 l - a wand of random effects (22)
Scrolls
 e - 4 scrolls of remove curse
 f - a scroll of identify
 g - a scroll of blinking
 k - a scroll of immolation
 s - 3 scrolls of teleportation
Potions
 n - 2 potions of cancellation {unknown}
 o - 2 potions of curing {unknown}
 q - 2 potions of lignification {unknown}
 t - a potion of degeneration {unknown}
 u - a potion of flight {unknown}
 v - a potion of brilliance {unknown}
Comestibles
 c - 7 rations


   Skills:
 + Level 4.3 Fighting
 * Level 5.0 Long Blades
 + Level 3.3 Armour
 + Level 2.9 Dodging


You had 5 spell levels left.
You didn't know any spells.

Dungeon Overview and Level Annotations

Branches:
Dungeon (4/15)
 Temple: D:4-7

Altars:
Kikubaaqudgha
Nemelex Xobeh
Uskayaw
Xom


Innate Abilities, Weirdness & Mutations

You are partially covered in thin metallic scales. (AC +2)
You are mostly covered in sharp spines.


Message History

Your iron imp hits the orc.
Your ufetubus hits the orc warrior but does no damage.
Your ufetubus hits the orc warrior.
Your ufetubus closely misses the orc.
Your ufetubus barely misses the orc.
The orc barely misses your iron imp.
The orc warrior hits your quasit with a dire flail!!
Your quasit dies!
Your ufetubus closely misses the orc wizard.
Your ufetubus misses the orc wizard.
Your iron imp hits the orc but does no damage.
Your ufetubus closely misses the orc wizard.
Your ufetubus hits the orc wizard but does no damage.
The orc hits your iron imp but does no damage.
The orc wizard looks braver for a moment.
Your iron imp closely misses the orc.
Your ufetubus hits the orc but does no damage.
Your ufetubus hits the orc.
Your shadow imp hits the orc warrior.
Your crimson imp barely misses the orc wizard.
The orc warrior hits you with a dire flail!!
Ouch! That really hurt!
You die...

.###### ......# .# #
#####.# .#(# # #.#
.#.#.### #.# ...#....
####.# ##........
##....###########.##....##
............#.....55......
.......>........@o5o....#
##.########.#.####)o5....#
#.# #.#.# ##.5..... #.#
#.#.# ....... ##.# #.#..
....... ...# #.#.# ...[...
#..# #...# .#...#. #..#
###.# .#..## #..# #.#


You could see an orc warrior, an orc wizard (invisible), an orc, 2 friendly iron
imps, a friendly crimson imp, a friendly shadow imp and a friendly ufetubus.

Vanquished Creatures
  The ghost of khargal the Changer, an amateur DrTm (D:3)
  An orc priest (D:3)
  2 orc wizards
  A worker ant (shapeshifter) (D:4)
  5 adders
  4 oozes
  2 worms (D:2)
  2 dart slugs
  4 leopard geckos
  6 orcs
  A ball python (D:1)
  3 giant cockroaches
  7 goblins
  9 hobgoblins
  6 jackals
  A quokka (D:2)
  12 bats
  2 frilled lizards
  11 kobolds
  6 rats
86 creatures vanquished.

Vanquished Creatures (collateral kills)
  A hound (D:4)
  2 orcs (D:4)
3 creatures vanquished.

Vanquished Creatures (others)
  A human (D:3)
1 creature vanquished.

Grand Total: 90 creatures vanquished

Notes
Turn   | Place    | Note
-------+----------+-------------------------------------------
     0 | D:1      | Jerry the Demonspawn Chaos Knight began the quest for the Orb.
     0 | D:1      | Reached XP level 1. HP: 18/18 MP: 1/1
    27 | D:1      | Reached skill level 1 in Dodging
   130 | D:1      | Gained mutation: You are partially covered in sharp spines. [demonic ancestry]
   130 | D:1      | Reached XP level 2. HP: 24/24 MP: 2/2
   166 | D:1      | Reached skill level 3 in Long Blades
   193 | D:1      | XOM: harmless Conj miscast
   352 | D:1      | XOM: potion effect (agility)
   371 | D:1      | XOM: harmless Pois miscast
   579 | D:1      | XOM: silly message
   673 | D:2      | Reached XP level 3. HP: 18/29 MP: 3/3
   712 | D:2      | XOM: divination: detect items
  1266 | D:2      | Found a shimmering altar of Xom.
  1282 | D:2      | Reached XP level 4. HP: 26/35 MP: 4/4
  1322 | D:2      | XOM: enchant monster (bad)
  1444 | D:2      | Found a sparkling altar of Nemelex Xobeh.
  1738 | D:3      | Found a hide-covered altar of Uskayaw.
  1778 | D:3      | Noticed khargal's ghost (amateur DrTm)
  1807 | D:3      | XOM: potion effect (brilliance)
  1813 | D:3      | XOM: summons 2 hostile demons
  1815 | D:3      | XOM: confusion
  1825 | D:3      | XOM: enchant monster (bad)
  1830 | D:3      | XOM: cast spell 'Summon Small Mammal'
  1831 | D:3      | XOM: cast spell 'Summon Butterflies'
  1835 | D:3      | XOM: mild Conj miscast
  2044 | D:3      | Gained mutation: You are partially covered in thin metallic scales. (AC +2) [demonic ancestry]
  2044 | D:3      | Reached XP level 5. HP: 41/41 MP: 5/5
  2085 | D:3      | Reached skill level 4 in Long Blades
  2104 | D:3      | Found an ancient bone altar of Kikubaaqudgha.
  2300 | D:3      | Found a faded altar of an unknown god.
  2345 | D:3      | Noticed a human
  2346 | D:3      | Killed a human
  2348 | D:3      | XOM: god gift: scroll labeled YROS NARILONT {god gift}
  2487 | D:3      | Killed khargal's ghost
  2487 | D:3      | Gained mutation: You are mostly covered in sharp spines. [demonic ancestry]
  2487 | D:3      | Reached XP level 6. HP: 28/48 MP: 6/6
  2624 | D:4      | XOM: polymorph scorpion -> worker ant
  2900 | D:4      | Noticed an orc warrior
  2903 | D:4      | XOM: summons 6 friendly demons
  2907 | D:4      | Reached skill level 5 in Long Blades
  2912 | D:4      | Slain by an orc warrior

Skill      XL: |  1  2  3  4  5  6 |
---------------+-------------------+-----
Dodging        | 1 2 |  2.9
Long Blades    | 3 4 5 |  5.0
Armour         | 2 3 |  3.3
Fighting       | 4 |  4.3

Action                   |  1- 3 |  4- 6 || total
-------------------------+-------+-------++-------
Melee: Falchion          |    89 |    96 ||   185
  Use: Scroll            |       |     8 ||     8
       Potion            |       |     1 ||     1
 Stab: Paralysed         |     3 |       ||     3
       Sleeping          |     2 |       ||     2
  Eat: Chunk             |     1 |     5 ||     6
Armor: Leather armour    |    38 |    42 ||    80
Dodge: Dodged            |    41 |    69 ||   110
       Rpst.: Falchion   |    13 |    18 ||    31
